 Dungeon Crawl Stone Soup version 0.28-a0-1190-g77e1c55843 (webtiles) character file.

Game seed: 15306473031701473007

5382 siradein the Protected (level 10, -2/91 HPs)
             Began as a Minotaur Fighter on Dec 18, 2021.
             Was a Follower of Yredelemnul.
             Slain by Urug (14 damage)
             ... on level 10 of the Dungeon.
             The game lasted 00:21:12 (10253 turns).

siradein the Protected (Minotaur Fighter)          Turns: 10253, Time: 00:21:13

Health: -2/91      AC: 17    Str: 23    XL:     10   Next: 39%
Magic:  13/13      EV:  7    Int:  5    God:    Yredelemnul [*.....]
Gold:   553        SH: 11    Dex: 12    Spells: 9/9 levels left

rFire   . . .      SeeInvis .   g - +4 long sword
rCold   . . .      Faith    .   c - +0 buckler
rNeg    . . .      Spirit   .   b - +0 plate armour
rPois   .          Reflect  +   (helmet restricted)
rElec   .          Harm     .   (no cloak)
rCorr   .          Rampage  .   A - +0 pair of gloves
Will    .....                   t - +0 pair of boots
Stlth   ..........              y - amulet of reflection
HPRegen 0.25/turn               F - ring of flight
MPRegen 0.13/turn               (no ring)

@: flying
A: horns 2, retaliatory headbutt
a: Renounce Religion, Recall Undead Harvest


You were on level 10 of the Dungeon.
You worshipped Yredelemnul.
Yredelemnul was noncommittal.
You visited 2 branches of the dungeon, and saw 11 of its levels.

You collected 553 gold pieces.

Inventory:

Hand Weapons
 g - a +4 long sword (weapon)
 u - the +3 dagger of Embarrassment {venom, Int+4}
   (You found it on level 5 of the Dungeon)

   It poisons the flesh of those it strikes.
   Int:       It affects your intelligence (+4).
Armour
 b - a +0 plate armour (worn)
 c - a +0 buckler (worn)
 t - a +0 pair of boots (worn)
 A - a +0 pair of gloves (worn)
Jewellery
 a - an amulet of the acrobat
 p - a ring of ice
 y - an amulet of reflection (around neck)
 F - a ring of flight (left hand)
Wands
 d - a wand of polymorph (7)
 r - a wand of acid (9)
 z - a wand of digging (7)
 B - a wand of paralysis (12)
 C - a wand of charming (11)
Scrolls
 e - 3 scrolls of fear
 f - 3 scrolls of identify
 i - 3 scrolls of fog
 l - 3 scrolls of magic mapping
 m - 8 scrolls of teleportation
 n - a scroll of amnesia
 o - 3 scrolls of immolation
 q - 3 scrolls of enchant armour {unknown}
 D - a scroll of blinking {unknown}
 E - a scroll of holy word {unknown}
Potions
 j - 2 potions of curing {unknown}
 k - 4 potions of heal wounds
 s - 4 potions of invisibility
 v - 2 potions of haste {unknown}
 x - 2 potions of lignification {unknown}
 G - a potion of mutation {unknown}


   Skills:
 + Level 9.4 Fighting
 + Level 8.9 Long Blades
 + Level 9.4 Armour
 + Level 9.3 Shields
 + Level 5.8 Invocations


You had 9 spell levels left.
You didn't know any spells.
Your spell library contained the following spells:

 Spells                   Type           Power      Damage    Failure   Level
 Blink                    Tloc           0%         N/A       100%        2
 Conjure Flame            Conj/Fire      0%         6-21      100%        3
 Ignite Poison            Fire/Tmut/Pois 0%         N/A       100%        3
 Lesser Beckoning         Tloc           0%         N/A       100%        3
 Sticky Flame             Conj/Fire      0%         2d3       100%        4
 Manifold Assault         Tloc           0%         N/A       100%        5


Dungeon Overview and Level Annotations

Branches:
Dungeon (10/15)            Temple (1/1) D:4
   Lair: D:8-11         Orc: D:9-12

Altars:
Ashenzari
Cheibriados
Dithmenos
Elyvilon
Fedhas
Gozag
Hepliaklqana
Kikubaaqudgha
Makhleb
Nemelex Xobeh
Okawaru
Qazlal
Ru
Sif Muna
Trog
Uskayaw
Vehumet
Wu Jian
Xom
Yredelemnul
The Shining One
Beogh

Shops:
D:6 (   D:8 =

Annotations:
D:2 1 runed translucent door, Crazy Yiuf
D:5 3 runed translucent doors, ducksouse's ghost, novice MiFi
D:10 Urug


Innate Abilities, Weirdness & Mutations

You have a pair of horns on your head.
You reflexively headbutt those who attack you in melee.


Message History

You closely miss Urug.
Urug is lightly wounded.
You block Urug's attack.
Your yak zombie closely misses Urug.
You slash Urug!
Urug is moderately wounded.
Urug hits you with a +4 halberd!
You closely miss Urug.
Urug is moderately wounded.
Your yak zombie gores Urug!
You block Urug's attack.
You hit Urug but do no damage. You headbutt Urug, but do no damage.
Urug is heavily wounded.
Your yak zombie gores Urug but does no damage.
Urug hits you but does no damage.
You closely miss Urug.
Urug is heavily wounded.
Your yak zombie misses Urug.
You block Urug's attack.
You slash Urug!
Urug is severely wounded.
You hit Urug.
Urug is severely wounded.
Urug hits you but does no damage.
Your yak zombie gores Urug!
You closely miss Urug.
Urug is almost dead.
Urug hits you with a +4 halberd!
* * * LOW HITPOINT WARNING * * *
Your yak zombie closely misses Urug.
Your plate armour prevents you from hitting Urug.
You headbutt Urug, but do no damage.
Urug is almost dead.
Urug squints, then shrugs and mutters, "Close enough."
Urug closely misses you.
Your yak zombie barely misses Urug.
You barely miss Urug.
Urug is almost dead.
Urug hits you with a +4 halberd!
* * * LOW HITPOINT WARNING * * *
You closely miss Urug.
Urug is almost dead.
Urug hits you with a +4 halberd!
You die...
Your body rises from the dead as a mindless zombie.

##### #.... ##.#...
.. ##.# .. #.## .##.#
# .### # #.#######
###.# # ......o@#
##...# # #.#####Z#
##.#.#######
#.#####.###Z......
#......## ##.####.
#.#####.###.## #..
#.# #.#Z## #..
..#######.######..
#.#####..............
#....................


You could see Urug (ally target) and a friendly yak zombie.

Vanquished Creatures
  An unseen horror (D:10)
  A tengu conjurer (D:8)
  Grinder (D:3)
  A hornet (D:7)
  A shadow (D:9)
  A wyvern (D:9)
  Sigmund (D:3)
  3 yaks (D:10)
  A water moccasin (D:7)
  5 orc warriors
  A black bear (D:7)
  A sky beast (D:6)
  3 ogres
  2 wolves (D:8)
  A kobold brigand (D:7)
  A phantom (D:4)
  A scorpion (D:4)
  8 wights
  3 centaur zombies
  5 hounds
  A bullfrog skeleton (D:5)
  A centaur skeleton (D:4)
  5 orc priests
  A jelly (D:5)
  An iguana (D:6)
  8 orc wizards
  A hound skeleton (D:3)
  A mummy (D:8)
  3 gnolls (D:6)
  5 adders
  A shadow imp (D:5)
  A white imp (D:5)
  An adder skeleton (D:4)
  An adder zombie (D:5)
  A worm (D:4)
  2 dart slugs
  45 orcs
  7 endoplasms
  4 giant cockroaches
  6 goblins
  10 hobgoblins
  7 jackals
  5 ball pythons
  4 bats
  2 frilled lizards (D:1)
  9 kobolds
  6 rats
181 creatures vanquished.

Vanquished Creatures (collateral kills)
  Grum (D:8)
  3 ice beasts (D:7)
  A black bear (D:5)
  An ogre (D:7)
  2 wolves (D:8)
  2 bullfrogs (D:8)
  An orc wizard (D:9)
  An orc (D:6)
  2 hobgoblin zombies (D:8)
  A kobold zombie (D:8)
  An orc zombie (D:8)
16 creatures vanquished.

Vanquished Creatures (others)
  An ogre zombie (D:9)
  12 orc zombies
13 creatures vanquished.

Grand Total: 210 creatures vanquished

Notes
Turn   | Place    | Note
-------+----------+-------------------------------------------
     0 | D:1      | siradein the Minotaur Fighter began the quest for the Orb.
     0 | D:1      | Reached XP level 1. HP: 19/19 MP: 0/0
   159 | D:1      | Reached XP level 2. HP: 27/27 MP: 1/1
   370 | D:1      | Found a faded altar of an unknown god.
   630 | D:1      | Reached XP level 3. HP: 33/33 MP: 2/2
  1292 | D:2      | Found a runed translucent door.
  1293 | D:2      | Noticed Crazy Yiuf
  1746 | D:3      | Noticed Sigmund
  1772 | D:2      | Reached XP level 4. HP: 33/41 MP: 3/3
  1835 | D:3      | Killed Sigmund
  1836 | D:3      | Reached skill level 5 in Armour
  1836 | D:3      | Reached XP level 5. HP: 34/47 MP: 4/4
  1847 | D:3      | Reached skill level 5 in Fighting
  1847 | D:3      | Reached skill level 5 in Shields
  2068 | D:3      | Noticed Grinder
  2074 | D:3      | Paralysed by Grinder for 4 turns
  2087 | D:3      | Killed Grinder
  2088 | D:3      | Reached XP level 6. HP: 56/56 MP: 5/5
  2782 | D:4      | Reached skill level 5 in Long Blades
  2875 | D:4      | Reached XP level 7. HP: 55/62 MP: 6/6
  3089 | D:4      | Found a staircase to the Ecumenical Temple.
  3105 | Temple   | Entered the Ecumenical Temple
  3141 | Temple   | Became a worshipper of Yredelemnul the Dark
  3329 | D:4      | Reached * piety under Yredelemnul
  3625 | D:5      | Entered Level 5 of the Dungeon
  3655 | D:4      | Reached skill level 1 in Invocations
  4086 | D:5      | Identified the +3 dagger of Embarrassment {venom, Int+4}
  4092 | D:5      | Found a runed translucent gate.
  4093 | D:5      | Found a runed translucent gate.
  4094 | D:5      | Found a runed translucent gate.
  4095 | D:5      | Noticed ducksouse's ghost (novice MiFi)
  4097 | D:5      | Identified the +6 spear of Caustic Tender Mercy {flame, rC+
                  | Int+4}
  4097 | D:5      | Identified the +5 chain mail of Ricsaer {rF+}
  4295 | D:5      | Reached XP level 8. HP: 60/71 MP: 8/8
  4423 | D:5      | Reached ** piety under Yredelemnul
  4457 | D:5      | Found an ornate altar of the Wu Jian Council.
  4457 | D:5      | Found a shimmering altar of Xom.
  4545 | D:5      | Found a burning altar of Makhleb.
  4547 | D:5      | Found a bloodstained altar of Trog.
  4549 | D:5      | Found a hazy altar of Hepliaklqana.
  5083 | D:6      | Found Qealas's Weapon Shop.
  5154 | D:6      | Found a white marble altar of Elyvilon.
  5250 | D:6      | Found a sparkling altar of Nemelex Xobeh.
  5250 | D:6      | Found an opulent altar of Gozag.
  5919 | D:7      | Noticed a hornet
  5932 | D:7      | Killed a hornet
  6054 | D:7      | Reached XP level 9. HP: 48/79 MP: 10/10
  6946 | D:8      | Noticed a tengu conjurer
  6958 | D:8      | Killed a tengu conjurer
  7277 | D:8      | Found a glowing golden altar of the Shining One.
  7382 | D:8      | Noticed Grum
  7406 | D:8      | Killed Grum
  7672 | D:8      | Found Yjic Emnynid's Jewellery Shoppe.
  7958 | D:9      | Reached skill level 5 in Invocations
  8363 | D:9      | Found a shadowy altar of Dithmenos.
  8834 | D:8      | Reached XP level 10. HP: 16/90 MP: 12/12
  9960 | D:10     | Entered Level 10 of the Dungeon
 10231 | D:10     | Noticed Urug
 10253 | D:10     | Slain by Urug

Illustrated notes

Levels and vault maps discovered:
D:1:      saegor_arrival_miasma, layout_basic,
          dreamdust_ecumenical_altar_angels_and_demons
D:2:      layout_loops_ring, palyth_stone_intersect, serial_park_tiny_pond,
          minmay_misc_feat_diagonals, uniq_crazy_yiuf_cottage
D:3:      layout_basic, uniq_sigmund, uniq_grinder
D:4:      layout_basic, minmay_temple_entry_statues_pillars,
          minmay_misc_feat_columns, grunt_decor_junction, grunt_ministairs_12
D:5:      layout_cave_pods, chequers_temple_overflow_minitemple,
          biasface_ghost_orc_armoury
D:6:      layout_basic, grunt_temple_overflow_opulence,
          nicolae_elyvilon_peaceful_grove, serial_shops, shop
D:7:      layout_layer_cave
D:8:      layout_basic, tso_altar, serial_shops, shop_fountains,
          minmay_mini_ossuary, uniq_grum
D:9:      layout_roguey [special_room_orc], kennysheep_mini
D:10:     layout_loops_ring, grunt_ministairs_3, nicolae_elevator_lobby_plus,
          uniq_urug, uniq_erolcha
Temple:   minmay_temple_bridge_abc

Skill      XL: |  1  2  3  4  5  6  7  8  9 10 |
---------------+-------------------------------+-----
Fighting       | 4 5 6 7 8 9 |  9.4
Armour         | 4 5 6 7 8 9 |  9.4
Shields        | 4 5 6 7 8 9 |  9.3
Long Blades    | 3 4 5 7 8 |  8.9
Invocations    | 1 3 5 |  5.8

Action                   |  1- 3 |  4- 6 |  7- 9 | 10-12 || total
-------------------------+-------+-------+-------+-------++-------
Melee: Long sword        |    90 |    57 |   254 |   109 ||   510
       Headbutt          |    12 |     7 |    78 |    36 ||   133
       Dagger            |       |       |    20 |       ||    20
  Use: Potion            |       |     2 |       |       ||     2
       Scroll            |       |       |    11 |       ||    11
 Stab: Distracted        |       |       |     3 |       ||     3
Armor: Scale mail        |    45 |    17 |   105 |       ||   167
       Chain mail        |       |       |     2 |       ||     2
       Plate armour      |       |       |       |    71 ||    71
Dodge: Dodged            |    51 |    21 |   107 |    27 ||   206
Block: Buckler           |    19 |    10 |   115 |    42 ||   186
       Reflection        |       |       |     1 |       ||     1

Table legend: (Time is in decaauts)
 A = Elapsed time spent in this place.
 B = Non-inter-level travel time spent in this place.
 C = Inter-level travel time spent in this place.
 D = Time resting spent in this place.
 E = Time spent auto-exploring this place.
 F = Levels seen in this place.
 G = Mean time per level.
                   A        B        C        D        E       F      G
               +--------+--------+--------+--------+--------+-----+--------+
         Total |  10300 |  10037 |    263 |    964 |   7392 |  11 |  936.4 |
       Dungeon |  10243 |   9980 |    263 |    964 |   7366 |  10 | 1024.3 |
        Temple |     56 |     56 |      0 |      0 |     26 |   1 |   56.0 |
               +--------+--------+--------+--------+--------+-----+--------+

Top non-repeatable levels by time:
     D:8: 1603 daAuts
     D:9: 1458 daAuts
     D:4: 1367 daAuts
     D:7: 1285 daAuts
     D:5: 972 daAuts
     D:2: 920 daAuts
     D:1: 844 daAuts
     D:6: 800 daAuts
     D:3: 698 daAuts
    D:10: 291 daAuts
  Temple: 56 daAuts
